PAAA
ALASKAN HUMPBACKS @ PORT ROYAL DISASTER
09/25/2019
 
TOP OF THE 1ST
Alaskan Humpbacks batting - Pitching for Port Royal Disaster : RHP Artie Horton
Pitching: RHP Artie Horton
Batting: RHB Steve Camp 0-0: Ball
1-0: Ball
2-0: Ball
3-0: Base on Balls
Batting: RHB Aurelio Annunziato 0-0: Ball
1-0: Ball
2-0: Called Strike
2-1: Foul Ball, location: 2F
2-2: Grounds into double play, 6-4-3 (Groundball, 6)
Batting: RHB Javier Díaz 0-0: Ball
1-0: Swinging Strike
1-1: Ball
2-1: Foul Ball, location: 2F
2-2: SINGLE (Line Drive, 7S)
Batting: RHB Jared Smith 0-0: Called Strike
0-1: Foul Ball, location: 2F
0-2: Ball
1-2: Foul Ball, location: 2F
1-2: Foul Ball, location: 2F
1-2: Strikes out looking
Top of the 1st over - 0 run(s), 1 hit(s), 0 error(s), 1 left on base; Alaskan 0 - Port Royal 0
BOTTOM OF THE 1ST
Port Royal Disaster batting - Pitching for Alaskan Humpbacks : LHP Ryan Draper
Pitching: LHP Ryan Draper
Batting: LHB Chris Whiteside 0-0: Ball
1-0: Ball
2-0: Ground out 4-3 (Groundball, 4)
Batting: LHB Peter Paul 0-0: Called Strike
0-1: Called Strike
0-2: SINGLE (Groundball, 4M)
Batting: RHB Mike Green 0-0: Ball
1-0: Swinging Strike
1-1: Ball
2-1: Foul Ball, location: 2F
2-2: Strikes out swinging
Batting: RHB Clint Anthony 0-0: Ball
Peter Paul steals 2nd base
1-0: Ground out 6-3 (Groundball, 6)
Bottom of the 1st over - 0 run(s), 1 hit(s), 0 error(s), 1 left on base; Alaskan 0 - Port Royal 0
TOP OF THE 2ND
Alaskan Humpbacks batting - Pitching for Port Royal Disaster : RHP Artie Horton
Batting: RHB Dave Farr 0-0: Ball
1-0: Fly out, F3 (Popup, 3DF)
Batting: RHB Fernando Camacho 0-0: Called Strike
0-1: Ball
1-1: Foul Ball, location: 2F
1-2: Ball
2-2: SOLO HOME RUN (Flyball, 7D), Distance : 364 ft
Batting: SHB Josef Koper 0-0: Foul Ball, location: 2F
0-1: Ball
1-1: Ball
2-1: Foul Ball, location: 2F
2-2: Ground out 4-3 (Groundball, 4)
Batting: RHB Héctor Villarreal 0-0: Ground out 5-3 (Groundball, 56S)
Top of the 2nd over - 1 run(s), 1 hit(s), 0 error(s), 0 left on base; Alaskan 1 - Port Royal 0
BOTTOM OF THE 2ND
Port Royal Disaster batting - Pitching for Alaskan Humpbacks : LHP Ryan Draper
Batting: LHB Randy Bowen 0-0: Called Strike
0-1: Foul Ball, location: 2F
0-2: Strikes out swinging
Batting: LHB Nelson Sanders 0-0: Foul Ball, location: 2F
0-1: Ball
1-1: Ball
2-1: Foul Ball, location: 2F
2-2: Fly out, F5 (Line Drive, 5)
Batting: RHB Stu Shaw 0-0: Called Strike
0-1: Ball
1-1: Ball
2-1: Called Strike
2-2: Ball
3-2: SINGLE (Line Drive, 89M)
Batting: RHB Floyd Banks 0-0: Called Strike
0-1: Ball
1-1: Foul Ball, location: 2F
1-2: Strikes out looking
Bottom of the 2nd over - 0 run(s), 1 hit(s), 0 error(s), 1 left on base; Alaskan 1 - Port Royal 0
TOP OF THE 3RD
Alaskan Humpbacks batting - Pitching for Port Royal Disaster : RHP Artie Horton
Batting: RHB Austin Williams 0-0: Foul Ball, location: 2F
0-1: Swinging Strike
0-2: Ball
1-2: Foul Ball, location: 2F
1-2: Ball
2-2: Ball
3-2: Foul Ball, location: 2F
3-2: SINGLE (Groundball, 4MD) (infield hit)
Batting: RHB Steve Camp 0-0: Ball
1-0: Called Strike
1-1: Fly out, F7 (Flyball, 78XD)
Batting: RHB Aurelio Annunziato 0-0: Swinging Strike
0-1: Called Strike
0-2: Ground out 5-3 (Groundball, 5S)
Austin Williams to second
Batting: RHB Javier Díaz 0-0: SINGLE (Line Drive, 78S)
Austin Williams to third
Runner from 3rd tries for Home, SAFE, throw made home
Javier Díaz to second
Batting: RHB Jared Smith 0-0: Called Strike
0-1: Ball
1-1: Foul Ball, location: 2F
1-2: Foul Ball, location: 2F
1-2: Ball
2-2: Fly out, F7 (Flyball, 7D)
Top of the 3rd over - 1 run(s), 2 hit(s), 0 error(s), 1 left on base; Alaskan 2 - Port Royal 0
BOTTOM OF THE 3RD
Port Royal Disaster batting - Pitching for Alaskan Humpbacks : LHP Ryan Draper
Batting: RHB Fred Rice 0-0: DOUBLE (Line Drive, 7LD)
Batting: LHB Chris Whiteside 0-0: Ball
1-0: Ball
2-0: Swinging Strike
2-1: Called Strike
2-2: Ball
3-2: Foul Ball, location: 2F
3-2: Strikes out swinging
Batting: LHB Peter Paul 0-0: Ball
1-0: Swinging Strike
1-1: Ball
2-1: Ball
3-1: Swinging Strike
3-2: Foul Ball, location: 2F
3-2: SINGLE (Groundball, 56D)
Fred Rice to third
Batting: RHB Mike Green 0-0: Called Strike
0-1: Foul Ball, location: 2F
0-2: Strikes out swinging
Batting: RHB Clint Anthony 0-0: Swinging Strike
0-1: Ball
1-1: Swinging Strike
1-2: Hit by Pitch
Peter Paul to second
Batting: LHB Randy Bowen 0-0: Called Strike
0-1: Foul Ball, location: 2F
0-2: Foul Ball, location: 2F
0-2: Foul Ball, location: 2F
0-2: Ball
1-2: GRAND SLAM HOME RUN (Line Drive, 9D), Distance : 414 ft
Batting: LHB Nelson Sanders 0-0: Ground out U3 (Groundball, 3)
Bottom of the 3rd over - 4 run(s), 3 hit(s), 0 error(s), 0 left on base; Alaskan 2 - Port Royal 4
TOP OF THE 4TH
Alaskan Humpbacks batting - Pitching for Port Royal Disaster : RHP Artie Horton
Batting: RHB Dave Farr 0-0: Called Strike
0-1: Ground out 2-3 (Groundball, 23)
Batting: RHB Fernando Camacho 0-0: Called Strike
0-1: Ball
1-1: Ground out 4-3 (Groundball, 4M)
Batting: SHB Josef Koper 0-0: Ball
1-0: Called Strike
1-1: Ball
2-1: Called Strike
2-2: Strikes out swinging
Top of the 4th over - 0 run(s), 0 hit(s), 0 error(s), 0 left on base; Alaskan 2 - Port Royal 4
BOTTOM OF THE 4TH
Port Royal Disaster batting - Pitching for Alaskan Humpbacks : LHP Ryan Draper
Batting: RHB Stu Shaw 0-0: Ball
1-0: Called Strike
1-1: Swinging Strike
1-2: Foul Ball, location: 2F
1-2: Ball
2-2: Ground out U3 (Groundball, 3L)
Batting: RHB Floyd Banks 0-0: Ground out 5-3 (Groundball, 5L)
Batting: RHB Fred Rice 0-0: Called Strike
0-1: Swinging Strike
0-2: Foul Ball, location: 2F
0-2: Foul Ball, location: 2F
0-2: Ball
1-2: Foul Ball, location: 2F
1-2: SINGLE (Groundball, 34D)
Batting: LHB Chris Whiteside 0-0: SINGLE (Flyball, 89M)
Fred Rice to second
Runner from 2nd tries for 3rd, OUT!
Bottom of the 4th over - 0 run(s), 2 hit(s), 0 error(s), 1 left on base; Alaskan 2 - Port Royal 4
TOP OF THE 5TH
Alaskan Humpbacks batting - Pitching for Port Royal Disaster : RHP Artie Horton
Batting: RHB Héctor Villarreal 0-0: Swinging Strike
0-1: Fly out, F6 (Popup, 6M)
Batting: RHB Austin Williams 0-0: Called Strike
0-1: Ball
1-1: Foul Ball, location: 2F
1-2: Foul Ball, location: 2F
1-2: Ball
2-2: SINGLE (Groundball, 4M)
Batting: RHB Steve Camp 0-0: Foul Ball, location: 2F
0-1: Swinging Strike
0-2: Ball
1-2: Strikes out swinging
Batting: RHB Aurelio Annunziato 0-0: Ball
Austin Williams steals 2nd base
1-0: Ball
2-0: Ball
Wild Pitch!
Austin Williams to third
3-0: Base on Balls
Batting: RHB Javier Díaz 0-0: SINGLE (Line Drive, 56D)
Austin Williams scores
Aurelio Annunziato to second
Batting: RHB Jared Smith 0-0: Ball
1-0: DOUBLE (Groundball, 3D)
Aurelio Annunziato scores
Javier Díaz to third
Batting: RHB Dave Farr 0-0: Called Strike
0-1: Ball
1-1: Foul Ball, location: 2F
1-2: Foul Ball, location: 2F
1-2: Foul Ball, location: 2F
1-2: Ball
2-2: Foul Ball, location: 2F
2-2: Foul Ball, location: 2F
2-2: Ground out 5-3 (Groundball, 5)
Top of the 5th over - 2 run(s), 3 hit(s), 0 error(s), 2 left on base; Alaskan 4 - Port Royal 4
BOTTOM OF THE 5TH
Port Royal Disaster batting - Pitching for Alaskan Humpbacks : LHP Ryan Draper
Batting: LHB Peter Paul 0-0: DOUBLE (Line Drive, 6D)
Batting: RHB Mike Green 0-0: DOUBLE (Flyball, 7M)
Peter Paul scores
Pitching: RHP Pedro Pagán
Batting: RHB Clint Anthony 0-0: Ball
1-0: Fly out, F9 (Popup, 34D)
Batting: LHB Randy Bowen 0-0: Called Strike
0-1: Called Strike
0-2: Ball
1-2: Fly out, F7 (Popup, 56D)
Batting: LHB Nelson Sanders 0-0: Ball
1-0: SINGLE (Flyball, 8LS)
Mike Green to third
Runner from 3rd tries for Home, SAFE, no throw or cutoff
Batting: RHB Stu Shaw 0-0: Called Strike
0-1: Ball
1-1: Foul Ball, location: 2F
1-2: Strikes out looking
Bottom of the 5th over - 2 run(s), 3 hit(s), 0 error(s), 1 left on base; Alaskan 4 - Port Royal 6
TOP OF THE 6TH
Alaskan Humpbacks batting - Pitching for Port Royal Disaster : RHP Artie Horton
Batting: RHB Fernando Camacho 0-0: Foul Ball, location: 2F
0-1: Ball
1-1: Ball
2-1: Foul Ball, location: 2F
2-2: Ball
3-2: Ground out 5-3 (Groundball, 56)
Batting: SHB Josef Koper 0-0: Ball
1-0: Foul Ball, location: 2F
1-1: Called Strike
1-2: Ball
2-2: Strikes out swinging
Batting: RHB Héctor Villarreal 0-0: Ball
1-0: Ball
2-0: Ball
3-0: Base on Balls
Batting: RHB Austin Williams 0-0: Ball
1-0: Foul Ball, location: 2F
1-1: Called Strike
1-2: Fielders Choice at 2nd, U6 (Groundball, 6M)
Top of the 6th over - 0 run(s), 0 hit(s), 0 error(s), 1 left on base; Alaskan 4 - Port Royal 6
BOTTOM OF THE 6TH
Port Royal Disaster batting - Pitching for Alaskan Humpbacks : RHP Pedro Pagán
Batting: RHB Floyd Banks 0-0: Called Strike
0-1: Called Strike
0-2: Ball
1-2: Foul Ball, location: 2F
1-2: Strikes out swinging
Batting: RHB Fred Rice 0-0: SINGLE (Groundball, 34D)
Batting: LHB Chris Whiteside 0-0: Ball
1-0: Called Strike
1-1: Foul Ball, location: 2F
1-2: Foul Ball, location: 2F
1-2: Foul Ball, location: 2F
1-2: Ball
2-2: Ball
3-2: Foul Ball, location: 2F
3-2: Foul Ball, location: 2F
3-2: Foul Ball, location: 2F
3-2: Foul Ball, location: 2F
3-2: Foul Ball, location: 2F
3-2: Ground out 3-1 (Groundball, 34)
Fred Rice to second
Batting: LHB Peter Paul 0-0: Swinging Strike
0-1: Ball
1-1: Ball
2-1: Fly out, F7 (Popup, 6D)
Bottom of the 6th over - 0 run(s), 1 hit(s), 0 error(s), 1 left on base; Alaskan 4 - Port Royal 6
TOP OF THE 7TH
Alaskan Humpbacks batting - Pitching for Port Royal Disaster : RHP Artie Horton
Batting: RHB Steve Camp 0-0: Ball
1-0: DOUBLE (Flyball, 89M)
Pitching: LHP Zach Brown
Batting: RHB Aurelio Annunziato 0-0: Ball
1-0: Fly out, F9 (Flyball, 89M)
Batting: RHB Javier Díaz 0-0: Foul Ball, location: 2F
0-1: Ball
1-1: Called Strike
1-2: Ball
2-2: Strikes out swinging
Batting: RHB Jared Smith 0-0: Ball
1-0: Ball
2-0: SINGLE (Groundball, 56)
Steve Camp to third
Runner from 3rd tries for Home, SAFE, no throw or cutoff
Batting: RHB Dave Farr 0-0: Ball
1-0: Foul Ball, location: 2F
1-1: Foul Ball, location: 2F
1-2: Foul Ball, location: 2F
1-2: Foul Ball, location: 2F
1-2: Ball
2-2: Ball
3-2: SINGLE (Line Drive, 8LS)
Jared Smith to second
Jared Smith to third
Batting: RHB Fernando Camacho 0-0: Ball
1-0: SINGLE (Line Drive, 89S)
Jared Smith scores
Dave Farr to second
Batting: SHB Josef Koper 0-0: Ball
1-0: Foul Ball, location: 2F
1-1: Swinging Strike
1-2: SINGLE (Groundball, 5)
Dave Farr to third
Fernando Camacho to second
Runner from 3rd tries for Home, SAFE, no throw or cutoff
Batting: RHB Héctor Villarreal 0-0: Ground out 5-3 (Groundball, 5L)
Top of the 7th over - 3 run(s), 5 hit(s), 0 error(s), 2 left on base; Alaskan 7 - Port Royal 6
BOTTOM OF THE 7TH
Port Royal Disaster batting - Pitching for Alaskan Humpbacks : RHP Pedro Pagán
Pitching: LHP Jason Hoskins
Batting: RHB Mike Green 0-0: Called Strike
0-1: Swinging Strike
0-2: Foul Ball, location: 2F
0-2: Ball
1-2: Strikes out looking
Batting: RHB Clint Anthony 0-0: Foul Ball, location: 2F
0-1: Ball
1-1: Swinging Strike
1-2: Ball
2-2: Ball
3-2: Foul Ball, location: 2F
3-2: Ground out 2-3 (Groundball, 2L)
Batting: LHB Randy Bowen 0-0: Ball
1-0: Foul Ball, location: 2F
1-1: Ball
2-1: Foul Ball, location: 2F
2-2: Foul Ball, location: 2F
2-2: Ground out U3 (Groundball, 3)
Bottom of the 7th over - 0 run(s), 0 hit(s), 0 error(s), 0 left on base; Alaskan 7 - Port Royal 6
TOP OF THE 8TH
Alaskan Humpbacks batting - Pitching for Port Royal Disaster : LHP Zach Brown
Batting: RHB Austin Williams 0-0: Ground out 1-3 (Groundball, 13S)
Batting: RHB Steve Camp 0-0: Called Strike
0-1: Ball
1-1: Foul Ball, location: 2F
1-2: Strikes out looking
Batting: RHB Aurelio Annunziato 0-0: Ball
1-0: SINGLE (Groundball, 6MD) (infield hit)
Batting: RHB Javier Díaz 0-0: Called Strike
0-1: Called Strike
0-2: Ball
1-2: Strikes out swinging
Top of the 8th over - 0 run(s), 1 hit(s), 0 error(s), 1 left on base; Alaskan 7 - Port Royal 6
BOTTOM OF THE 8TH
Port Royal Disaster batting - Pitching for Alaskan Humpbacks : LHP Jason Hoskins
Batting: LHB Nelson Sanders 0-0: Ball
1-0: Foul Ball, location: 2F
1-1: Swinging Strike
1-2: Ball
2-2: Ball
3-2: Foul Ball, location: 2F
3-2: Strikes out swinging
Pitching: RHP Roberto Perea
Batting: RHB Stu Shaw 0-0: Ball
1-0: Called Strike
1-1: Ball
2-1: SINGLE (Line Drive, 4M)
Pinch Hitting: RHB Clement Fields 0-0: Called Strike
0-1: Ball
1-1: Foul Ball, location: 2F
1-2: Hit by Pitch
Stu Shaw to second
Pinch Hitting: RHB Jim Unknown 0-0: Ball
1-0: Called Strike
1-1: Swinging Strike
1-2: Foul Ball, location: 2F
1-2: Fly out, F9 (Flyball, 9M)
Pitching: LHP Freddy Ramos
Pinch Hitting: RHB Brian Olivares 0-0: Ball
1-0: Foul Ball, location: 2F
1-1: Ball
2-1: Fly out, F9 (Flyball, 9D)
Bottom of the 8th over - 0 run(s), 1 hit(s), 0 error(s), 2 left on base; Alaskan 7 - Port Royal 6
TOP OF THE 9TH
Alaskan Humpbacks batting - Pitching for Port Royal Disaster : LHP Zach Brown
Pitching: LHP António Venegas
Now at 1B: Brian Olivares
Now in CF: Jim Unknown
Now in RF: Clement Fields
Batting: RHB Jared Smith 0-0: Called Strike
0-1: Foul Ball, location: 2F
0-2: Ball
1-2: Foul Ball, location: 2F
1-2: SINGLE (Groundball, 6MD)
Batting: RHB Dave Farr 0-0: Called Strike
0-1: Ball
1-1: Ball
2-1: Ball
3-1: SINGLE (Line Drive, 89S)
Jared Smith to second
Batting: RHB Fernando Camacho 0-0: Ball
1-0: Ball
2-0: Called Strike
2-1: Ball
3-1: Grounds into double play, U4-3 (Groundball, 4M)
Jared Smith to third
Batting: SHB Josef Koper 0-0: Ball
1-0: Ball
2-0: Foul Ball, location: 2F
2-1: Ball
3-1: Base on Balls
Pinch Hitting: RHB Troy Gine 0-0: Fly out, F4 (Line Drive, 4D)
Top of the 9th over - 0 run(s), 2 hit(s), 0 error(s), 2 left on base; Alaskan 7 - Port Royal 6
BOTTOM OF THE 9TH
Port Royal Disaster batting - Pitching for Alaskan Humpbacks : LHP Freddy Ramos
Pitching: LHP Dale Stevens
Now at C: Jim Unknown
Batting: LHB Peter Paul 0-0: Called Strike
0-1: Ball
1-1: Swinging Strike
1-2: Ball
2-2: Strikes out looking
Batting: RHB Mike Green 0-0: Ball
1-0: DOUBLE (Flyball, 78D)
Batting: RHB Clint Anthony 0-0: Called Strike
0-1: Ball
1-1: Ball
2-1: Swinging Strike
2-2: Ball
3-2: Base on Balls
Batting: LHB Randy Bowen 0-0: Called Strike
0-1: Swinging Strike
0-2: Strikes out swinging
Batting: LHB Nelson Sanders 0-0: Ball
1-0: Ball
2-0: Fly out, F7 (Flyball, 78M)
Bottom of the 9th over - 0 run(s), 1 hit(s), 0 error(s), 2 left on base; Alaskan 7 - Port Royal 6
This league is powered by Out of the Park Baseball, the baseball management simulation game for PC, Mac and Linux
Saturday, July 25th, 2015 - OOTP Baseball 15.6 Build 34